 Dungeon Crawl Stone Soup version 0.26-a0-1176-g060ceda6a5 (webtiles) character file.

Game seed: 13569336474736366649

220 lorenzova the Conjurer (level 5, 0/26 (28) HPs)
             Began as a Deep Elf Conjurer on Dec 24, 2020.
             Slain by Crazy Yiuf
             ... wielding a +3 quarterstaff of chaos
              (13 damage)
             ... on level 2 of the Dungeon.
             The game lasted 00:03:41 (3671 turns).

lorenzova the Conjurer (Deep Elf Conjurer)          Turns: 3671, Time: 00:03:42

HP:   0/26 (28)     AC:  3    Str:  4    XL:     5   Next: 64%
MP:   11/15         EV: 13    Int: 24    God:
Gold: 115           SH:  0    Dex: 13    Spells: 13/16 levels left

rFire    . . .     SeeInvis .   (no weapon)
rCold    . . .     Faith    .   (no shield)
rNeg     . . .     Spirit   .   a - +0 robe
rPois    .         Reflect  .   (no helmet)
rElec    .         Harm     .   n - +0 cloak (curse)
rCorr    .         Rampage  .   (no gloves)
Will     .....                  (no boots)
Stlth    ++........             (no amulet)
HPRegen  0.08/turn              (no ring)
MPRegen  0.14/turn              (no ring)

@: lethally poisoned (0 -> -17), drained
A: no striking features
a: no special abilities


You were on level 2 of the Dungeon.
You visited 1 branch of the dungeon, and saw 2 of its levels.

You collected 115 gold pieces.

Inventory:

Armour
 a - a +0 robe (worn)
 n - a cursed +0 cloak (worn)
Jewellery
 h - an uncursed ring of protection from cold
Scrolls
 c - 3 scrolls of identify {unknown}
 d - 2 scrolls of enchant armour {unknown}
 f - 3 scrolls of teleportation {unknown}
 m - a scroll of magic mapping {unknown}
 o - a scroll of blinking {unknown}
Potions
 b - 2 potions of resistance {unknown}
 e - a potion of mutation {unknown}
 g - 2 potions of attraction {unknown}
 i - a potion of might {unknown}
 j - 3 potions of cancellation {unknown}
 k - 2 potions of curing {unknown}
 l - a potion of degeneration {unknown}


   Skills:
 - Level 2.4 Dodging
 - Level 2.4 Stealth
 + Level 6.0 Spellcasting
 + Level 6.2 Conjurations


You had 13 spell levels left.
You knew the following spells:

 Your Spells              Type           Power        Failure   Level
a - Magic Dart            Conj           100%         1%          1
b - Searing Ray           Conj           74%          1%          2

Your spell library contained the following spells:

 Spells                   Type           Power        Failure   Level
 Dazzling Flash           Conj/Hex       44%          7%          3
 Fulminant Prism          Conj/Hex       11%          22%         4
 Iskenderun's Mystic Bla  Conj/Tloc      22%          22%         4


Dungeon Overview and Level Annotations

Branches:
Dungeon (2/15)

Altars:

Annotations:
D:2 Crazy Yiuf


Message History

Confirm with . or Enter, or press ? or * to list all spells.
Aiming: Searing Ray (safe; 1% risk of failure)
Press: ? - help, Shift-Dir - straight line, f - Crazy Yiuf
Aim: Crazy Yiuf, wielding a +3 quarterstaff of chaos and wearing a +0 cloak (17% to evade)
The searing ray hits Crazy Yiuf!
Crazy Yiuf is moderately wounded. (Press . to maintain the ray.) Crazy Yiuf grits, "Powder senile bush!"
Crazy Yiuf hits you with a +3 quarterstaff of chaos.
You feel drained.
The searing ray misses Crazy Yiuf.
Crazy Yiuf hits you with a +3 quarterstaff of chaos!
You are lethally poisoned!
The searing ray hits Crazy Yiuf!
Crazy Yiuf is almost dead.
You feel sick.
Crazy Yiuf whimpers, "Gnoll unthinkable disdain!"
Crazy Yiuf hits you with a +3 quarterstaff of chaos!
Ouch! That really hurt!
You die...

#.####....#
#.# #....#
#.# ♣PP..♣
#.# ♣♣PP.♣
#.# ♣♣.♣♣
#.# ♣♣.♣
#.# ♣.♣♣
#.# ♣♣.♣
#.# ♣@♣♣
#.# #g#
####)# ...
#....#
#...#
#....#
#)..#
#....#
#####
#....# #
#.(..#####
### #
#........#
#.## ###


You could see Crazy Yiuf.

Vanquished Creatures
  An iguana (D:2)
  Jessica (D:2)
  Robin (D:2)
  6 adders (D:2)
  An ooze (D:1)
  4 dart slugs
  4 leopard geckos (D:1)
  A ball python (D:2)
  5 bats
  4 giant cockroaches
  14 goblins
  7 hobgoblins
  9 jackals (D:1)
  17 kobolds
  4 frilled lizards
  3 rats
82 creatures vanquished.

Vanquished Creatures (others)
  5 plants (D:1)
5 creatures vanquished.

Grand Total: 87 creatures vanquished

Notes
Turn   | Place    | Note
-------+----------+-------------------------------------------
     0 | D:1      | lorenzova the Deep Elf Conjurer began the quest for the
                  | Orb.
     0 | D:1      | Reached XP level 1. HP: 10/10 MP: 6/6
   226 | D:1      | Reached XP level 2. HP: 15/15 MP: 4/8
   291 | D:1      | Learned a level 2 spell: Searing Ray
   518 | D:2      | Reached skill level 5 in Conjurations
   518 | D:2      | Reached XP level 3. HP: 3/19 MP: 3/10
  1676 | D:1      | Reached XP level 4. HP: 24/24 MP: 10/12
  2186 | D:2      | Reached skill level 5 in Spellcasting
  2978 | D:2      | Found a runed translucent door.
  2979 | D:2      | Noticed Crazy Yiuf
  3012 | D:2      | Noticed Jessica
  3014 | D:2      | Killed Jessica
  3015 | D:2      | Reached XP level 5. HP: 28/28 MP: 12/15
  3320 | D:2      | Noticed Robin
  3340 | D:2      | Killed Robin
  3671 | D:2      | Slain by Crazy Yiuf

Illustrated notes

Levels and vault maps discovered:
D:1:      psy_arrival_dodecagon, layout_loops_ring, lexackson_kobold_supper
D:2:      layout_rooms, uniq_robin, uniq_jessica, uniq_crazy_yiuf_cottage

Skill      XL: |  1  2  3  4  5 |
---------------+----------------+-----
Spellcasting   | 4 5 6 |  6.0
Conjurations   | 5 6 |  6.2
Dodging        | |  2.4
Stealth        | |  2.4

Action                   |  1- 3 |  4- 6 || total
-------------------------+-------+-------++-------
Melee: Unarmed           |     7 |       ||     7
 Cast: Magic Dart        |    75 |    46 ||   121
       Searing Ray       |     3 |    11 ||    14
Armor: Robe              |     5 |     1 ||     6
Dodge: Dodged            |    25 |     6 ||    31

Table legend: (Time is in decaauts)
 A = Elapsed time spent in this place.
 B = Non-inter-level travel time spent in this place.
 C = Inter-level travel time spent in this place.
 D = Time resting spent in this place.
 E = Time spent auto-exploring this place.
 F = Levels seen in this place.
 G = Mean time per level.
                   A        B        C        D        E       F      G
               +--------+--------+--------+--------+--------+-----+--------+
         Total |   3671 |   3623 |     48 |   2289 |   1017 |   2 | 1835.5 |
       Dungeon |   3671 |   3623 |     48 |   2289 |   1017 |   2 | 1835.5 |
               +--------+--------+--------+--------+--------+-----+--------+

Top non-repeatable levels by time:
     D:2: 1993 daAuts
     D:1: 1678 daAuts
